 Dungeon Crawl Stone Soup version 0.30-a0-509-gd016549fea (webtiles) character file.

Game seed: 17976750518815161623

74 hikkokomori the Cudgeller (level 4, 0/25 (38) HPs)
             Began as a Meteoran Reaver on Dec 23, 2022.
             Slain by a gnoll
             ... wielding a +0 spear
              (4 damage)
             ... on level 3 of the Dungeon.
             The game lasted 00:02:52 (875 turns).

hikkokomori the Cudgeller (Meteoran Reaver)          Turns: 875, Time: 00:02:53

HP:   0/25 (38)     AC:  4    Str: 15    XL:     4   Next: 82%
MP:   10/10         EV: 12    Int: 14    God:
Gold: 78            SH:  5    Dex: 13    Spells: 9/10 levels left

rFire   . . .      SeeInvis .    a - +0 mace
rCold   . . .      Faith    .    (no shield)
rNeg    . . .      Spirit   .    b - +0 leather armour
rPois   .          Reflect  +    (no helmet)
rElec   .          Harm     .    f - +0 cloak
rCorr   .          Rampage  .    (no gloves)
Will    .....                    (no boots)
Stlth   +.........               g - amulet of reflection
HPRegen 0.24/turn                (no ring)
MPRegen 0.12/turn                (no ring)

@: glowing, very heavily drained
A: sense surroundings 1, otherworldly, glowing, explore regen
a: no special abilities


You were on level 3 of the Dungeon.
You visited 1 branch of the dungeon, and saw 3 of its levels.

You collected 78 gold pieces.

Inventory:

Hand Weapons
 a - a +0 mace (weapon)
Armour
 b - a +0 leather armour (worn)
 d - a +0 chain mail
 f - a +0 cloak (worn)
Jewellery
 g - an amulet of reflection (around neck)
Scrolls
 c - a scroll of amnesia {unknown}
 i - a scroll of teleportation {unknown}
Potions
 e - a potion of brilliance {unknown}
 h - a potion of lignification {unknown}


   Skills:
 + Level 3.2 Fighting
 + Level 5.0 Maces & Flails
 - Level 2.4 Dodging
 + Level 3.9 Spellcasting
 - Level 3.6 Conjurations


You had 9 spell levels left.
You knew the following spells:

 Your Spells              Type           Power      Damage    Failure   Level
a - Kiss of Death         Conj/Necr      28%        2d7       12%         1

Your spell library contained the following spells:

 Spells                   Type           Power      Damage    Failure   Level
 Momentum Strike          Conj/Tloc      14%        3d8       17%         2
 Hailstorm                Conj/Ice       7%         3d4       34%         3


Dungeon Overview and Level Annotations

Branches:
Dungeon (3/15) Zot: 905

Altars:


Innate Abilities, Weirdness & Mutations

You passively map a small area around you.
You are easily found by Zot.
You glow in the dark.
You regain HP and MP as you explore.


Message History

You kill the adder!
Your Maces & Flails skill increases to level 5!
You hit the orc.
The orc is moderately wounded.
You hit the orc.
The orc is heavily wounded.
The orc hits you with a +0 whip.
You sock the orc!
You kill the orc!
You thump the orc!
You kill the orc!
You start waiting.
HP restored.
You climb downwards.
There is a stone staircase leading up, spattered with blood here.
You see here a rat skeleton.
The gnoll hits you from afar with a +0 spear.
The gnoll misses you.
You barely miss the gnoll. The gnoll hits you with a +0 spear.
You barely miss the gnoll. You block the gnoll's attack.
You barely miss the gnoll. The gnoll misses you. The gnoll barely misses you.
You hit the gnoll but do no damage. The gnoll hits you with a +0 spear!
You hit the gnoll.
The gnoll is lightly wounded.
The gnoll hits you with a +0 spear.
You barely miss the gnoll.
The gnoll is lightly wounded.
The gnoll closely misses you.
You completely miss the gnoll.
The gnoll is lightly wounded.
The gnoll hits you with a +0 spear.
* * * LOW HITPOINT WARNING * * *
You barely miss the gnoll.
The gnoll is lightly wounded.
The gnoll hits you with a +0 spear.
* * * LOW HITPOINT WARNING * * *
You barely miss the gnoll.
The gnoll is lightly wounded.
The gnoll hits you with a +0 spear.
You die...

, #.#..#*##.
,* , , ,[....
.. *, *
#...#.# , * *
###..)..# + ~
#....#<## , ,
#..รท.### # *
**
###....#... *
, *
##.)......, *
* ,
#.@......[. ,
,,,
#.g........ *
,
,,#..........
* ,,
...........
.....[.#...#
,
.##...######
.. ##### * ..
* ,


You could see a gnoll.

Vanquished Creatures
  3 gnolls
  An adder (D:2)
  2 dart slugs
  5 orcs
  2 bats
  3 endoplasms (D:1)
  A giant cockroach (D:1)
  A goblin (D:1)
  3 hobgoblins
  2 frilled lizards
  2 kobolds
  4 rats
29 creatures vanquished.

Notes
Turn   | Place    | Note
-------+----------+-------------------------------------------
     0 | D:1      | hikkokomori the Meteoran Reaver began the quest for the
                  | Orb.
     0 | D:1      | Reached XP level 1. HP: 17/17 MP: 5/5
    69 | D:1      | Reached XP level 2. HP: 25/25 MP: 6/6
   313 | D:1      | Reached XP level 3. HP: 27/30 MP: 8/8
   567 | D:2      | HP: 1/30 [orc/+0 short sword (1)]
   686 | D:3      | Reached XP level 4. HP: 29/34 MP: 7/10
   793 | D:2      | Reached skill level 5 in Maces & Flails
   875 | D:3      | Slain by a gnoll

Illustrated notes

Levels and vault maps discovered:
D:1:      evilmike_arrival_hilbert_curve, layout_basic,
          dreamdust_ecumenical_altar_grove, minmay_tetromino_t4
D:2:      layout_basic
D:3:      minmay_spotlight, layout_rooms, general_overflow_altar,
          grunt_temple_overflow_open, serial_bayou_pond_d

Skill      XL: |  1  2  3  4 |
---------------+-------------+-----
Spellcasting   | 3 |  3.9
Fighting       | 3 |  3.2
Maces & Flails | 5 |  5.0
Dodging        | |  2.4
Conjurations   | |  3.6

Action                   |  1- 3 |  4- 6 || total
-------------------------+-------+-------++-------
Melee: Mace              |    69 |    22 ||    91
 Cast: Kiss of Death     |     1 |     2 ||     3
Armor: Leather armour    |    22 |     4 ||    26
Dodge: Dodged            |    25 |    14 ||    39
Block: Other             |    10 |     4 ||    14

Table legend: (Time is in decaauts)
 A = Elapsed time spent in this place.
 B = Non-inter-level travel time spent in this place.
 C = Inter-level travel time spent in this place.
 D = Time resting spent in this place.
 E = Time spent auto-exploring this place.
 F = Levels seen in this place.
 G = Mean time per level.
                   A        B        C        D        E       F      G
               +--------+--------+--------+--------+--------+-----+--------+
         Total |    893 |    893 |      0 |    254 |    290 |   3 |  297.7 |
       Dungeon |    893 |    893 |      0 |    254 |    290 |   3 |  297.7 |
               +--------+--------+--------+--------+--------+-----+--------+

Top non-repeatable levels by time:
     D:2: 432 daAuts
     D:1: 415 daAuts
     D:3: 45 daAuts
